 Dungeon Crawl Stone Soup version 0.26-a0-540-g8a0c9464d7 (webtiles) character file.

Game seed: 11729555140790038728

5989 vurker the Cleaver (level 11, -5/121 HPs)
             Began as a Formicid Delver on Aug 24, 2020.
             Was a Believer of Hepliaklqana.
             Slain by Snorg (9 damage)
             ... on level 10 of the Dungeon.
             The game lasted 00:14:07 (12238 turns).

vurker the Cleaver (Formicid Delver)               Turns: 12238, Time: 00:14:07

Health: -5/121     AC: 25    Str: 20    XL:     11   Next: 10%
Magic:  15/15      EV:  2    Int: 10    God:    Hepliaklqana [**....]
Gold:   566        SH:  0    Dex: 12    Spells: 10/10 levels left

rFire    . . .     SeeInvis .   n - +1 war axe
rCold    . . .     Faith    .   (no shield)
rNeg     + + +     Spirit   .   (armour currently unavailable)
rPois    +         Reflect  .   (helmet unavailable)
rElec    .         Harm     .   (cloak currently unavailable)
rCorr    .                      (gloves currently unavailable)
MR       +....                  (boots currently unavailable)
Stlth    +++.......             (no amulet)
HPRegen  0.30/turn              (no ring)
MPRegen  0.14/turn              (no ring)

@: tree-form
A: permanent stasis, dig shafts and tunnels, four strong arms, reduced essence
a: Recall Ancestor, Ancestor Identity, Renounce Religion


You were on level 10 of the Dungeon.
You worshipped Hepliaklqana.
Hepliaklqana was pleased with you.
You were a tree.
You visited 3 branches of the dungeon, and saw 12 of its levels.
You also visited: Ossuary.

You collected 566 gold pieces.

Inventory:

Hand Weapons
 n - a +1 war axe (weapon)
   (You found it on level 5 of the Dungeon)
Armour
 a - a +0 pair of boots (melded)
   (You found it on level 5 of the Dungeon)
 g - a +0 cloak of poison resistance (melded)
   (You took it off Crazy Yiuf on level 3 of the Dungeon)
 j - a scarf of resistance
   (You found it on level 1 of the Dungeon)
 o - a +5 chain mail of magic resistance (melded)
   (You took it off Terence on level 2 of the Dungeon)
Wands
 d - a wand of iceblast (3)
   (You found it on level 9 of the Dungeon)
 v - a wand of digging (3)
 x - a wand of polymorph (4)
   (You found it on level 9 of the Dungeon)
Scrolls
 c - 3 scrolls of fog
 e - 2 scrolls of fear
 h - 6 scrolls of remove curse
 k - a scroll of immolation {unknown}
 u - a scroll of random uselessness {unknown}
 w - 2 scrolls of enchant armour
 y - 5 scrolls of magic mapping
Potions
 b - 4 potions of cancellation
 f - 3 potions of resistance
 l - 5 potions of lignification
 m - 2 potions of ambrosia {unknown}
 p - 4 potions of mutation
 q - a potion of haste {unknown}
 r - 2 potions of might
 s - a potion of flight
 t - a potion of magic {unknown}


   Skills:
 + Level 10.0 Fighting
 * Level 12.1 Axes
 - Level 1.7 Dodging
 - Level 6.0 Stealth
 + Level 6.4 Invocations


You had 10 spell levels left.
You didn't know any spells.
Your spell library contained the following spells:

 Spells                   Type           Power        Failure   Level
 Beastly Appendage        Tmut           #.....       36%         1
 Corona                   Hex            #......      36%         1
 Sting                    Tmut/Pois      #...         36%         1
 Ensorcelled Hibernation  Hex/Ice        #.....       50%         2
 Poisonous Vapours        Pois/Air       #.....       50%         2
 Wereblood                Tmut           #.......     50%         2
 Confusing Touch          Hex            #.......     75%         3
 Dazzling Flash           Conj/Hex       #.....       75%         3
 Ignite Poison            Fire/Tmut/Pois #.......     75%         3
 Mephitic Cloud           Conj/Pois/Air  #.......     75%         3
 Spider Form              Tmut/Pois      #.........   75%         3
 Tukima's Dance           Hex            #.......     75%         3
 Ice Form                 Ice/Tmut       #.......     98%         4
 Olgreb's Toxic Radiance  Pois           #.......     98%         4
 Blade Hands              Tmut           #.........   100%        5


Dungeon Overview and Level Annotations

Branches:
Dungeon (10/15)            Temple (1/1) D:7             Orc (1/2) D:9
Ossuary (visited)
   Lair: D:8-11

Altars:
Ashenzari
Cheibriados
Fedhas
Hepliaklqana
Qazlal
Sif Muna
Trog
Vehumet
Xom
Yredelemnul
Zin

Shops:
D:7 (   D:9 [

Annotations:
D:4 exclusion: door
D:10 Snorg


Innate Abilities, Weirdness & Mutations

You cannot be hasted, slowed, berserked, paralysed or teleported.
You can dig through walls and to a lower floor.
Your four strong arms can wield two-handed weapons with a shield.
((You have a pair of large antennae on your head. (SInv)))
Your life essence is reduced to manifest your ancestor. (-10% HP)


Message History

You hit the sky beast but do no damage. You barely miss Snorg.
You slash the worker ant!
The worker ant bites you but does no damage. x2
The sky beast hits you but does no damage.
Snorg bites you but does no damage. Snorg claws you! Snorg barely misses you.
You miss the sky beast. You closely miss the worker ant. You slash Snorg!
Kaya points at the sky beast and mumbles some strange words.
The puff of frost hits the sky beast!
The sky beast dies!
The worker ant closely misses you.
You barely miss the worker ant. You hit Snorg.
Snorg goes berserk!
The worker ant barely misses you.
You slash the worker ant!
You kill the worker ant!
You hit Snorg. Snorg bites you but does no damage.
Snorg claws you but does no damage. Snorg claws you!
Kaya completely misses Snorg.
Snorg bites you! Snorg claws you!
* * * LOW HITPOINT WARNING * * *
Snorg barely misses you.
Unknown command.
You closely miss Snorg.
Kaya hits Snorg with a +0 quarterstaff.
Snorg bites you!
* * * LOW HITPOINT WARNING * * *
Snorg claws you but does no damage. Snorg barely misses you.
Unknown command.
Really quaff the potion of lignification?
You turn into a tree.
Your +0 cloak of poison resistance melds into your body.
Your +0 pair of boots melds into your body.
Your +5 chain mail of magic resistance melds into your body.
You no longer feel resistant to poison.
You feel less resistant to hostile enchantments.
Your roots penetrate the ground.
Snorg bites you but does no damage. Snorg claws you!
* * * LOW HITPOINT WARNING * * *
Snorg claws you!
* * * LOW HITPOINT WARNING * * *
Kaya barely misses Snorg.
You feel better. Snorg bites you!
* * * LOW HITPOINT WARNING * * *
Snorg claws you but does no damage. Snorg barely misses you.
Snorg bites you but does no damage. Snorg claws you but does no damage. x2
Kaya gestures at Snorg while chanting.
The puff of frost hits Snorg!
You closely miss Snorg. Snorg bites you but does no damage.
Snorg claws you but does no damage. x2
Kaya gestures at Snorg while chanting.
The stone arrow hits Snorg!
You slash Snorg! Snorg bites you!
You die...

.......
.......
#.....
.....#######
..........#
#........###
#..R........
#...T†...#
#...♣....#
#..†.....#
#.......(#
#........#
#........#
+........#
#........#
##########


You could see the friendly Kaya the battlemage and Snorg (berserk).

Vanquished Creatures
  A two-headed ogre (D:9)
  Maggie (D:9)
  A hippogriff (D:8)
  A meliai zombie (D:7)
  Sigmund (D:4)
  2 chaos spawn (D:8)
  A warg (D:9)
  A sky beast (D:8)
  A black bear (D:9)
  3 ice beasts
  3 orc warriors
  4 ogres
  4 centaurs
  A crocodile (D:8)
  2 big kobolds (D:8)
  A bullfrog (D:8)
  8 scorpions (Ossuary)
  4 wights (D:8)
  2 howler monkeys
  4 centaur zombies
  2 orc priests (D:9)
  4 hounds
  A human zombie (Ossuary)
  Crazy Yiuf (D:3)
  2 iguanas
  Terence (D:2)
  A centaur skeleton (D:8)
  6 orc wizards
  9 worker ants
  A killer bee zombie (D:6)
  A big kobold zombie (Ossuary)
  A hound zombie (D:9)
  3 mummies (Ossuary)
  A howler monkey skeleton (D:4)
  4 gnolls
  8 adders
  2 scorpion zombies (Ossuary)
  A shadow imp (D:7)
  2 white imps (D:5)
  4 ufetubi
  An adder skeleton (D:8)
  3 adder zombies
  2 worms (D:2)
  A dart slug (D:2)
  8 leopard geckos
  31 orcs
  A ball python (D:7)
  7 bats
  2 giant cockroaches
  5 goblins
  5 hobgoblins
  10 jackals
  14 kobolds
  A quokka (D:6)
  12 frilled lizards
  2 gnoll zombies (Ossuary)
  3 goblin zombies (Ossuary)
  2 kobold zombies (Ossuary)
  6 orc zombies (Ossuary)
  A quokka skeleton (D:5)
  A quokka zombie (D:7)
  9 rats
  A fungus (D:3)
229 creatures vanquished.

Vanquished Creatures (collateral kills)
  A troll (D:9)
  2 ice beasts (D:9)
  A sky beast (D:10)
  A centaur (D:9)
  A worker ant (D:8)
  An orc (Orc:1)
  2 kobolds (D:8)
9 creatures vanquished.

Vanquished Creatures (others)
  A bullfrog skeleton (D:9)
  An ancestor (D:8)
  2 battlemagi
  A kobold (D:2)
  2 quokkas
7 creatures vanquished.

Grand Total: 245 creatures vanquished

Notes
Turn   | Place    | Note
-------+----------+-------------------------------------------
     0 | D:5      | vurker the Formicid Delver began the quest for the Orb.
     0 | D:5      | Reached XP level 1. HP: 18/18 MP: 1/1
    39 | D:4      | Noticed an orc wizard
    56 | D:4      | Killed an orc wizard
    56 | D:4      | Reached skill level 3 in Axes
    56 | D:4      | Reached XP level 2. HP: 2/25 MP: 2/2
    56 | D:4      | Reached XP level 3. HP: 2/30 MP: 3/3
   657 | D:3      | Reached XP level 4. HP: 26/37 MP: 4/4
   945 | D:2      | Found a snail-covered altar of Cheibriados.
  1510 | D:1      | Reached skill level 4 in Axes
  1707 | D:1      | Reached XP level 5. HP: 40/42 MP: 5/5
  2887 | D:2      | Found a radiant altar of Vehumet.
  3149 | D:2      | Noticed Terence
  3178 | D:2      | Killed Terence
  3478 | D:3      | Found a runed translucent door.
  3479 | D:3      | Noticed Crazy Yiuf
  3489 | D:3      | Killed Crazy Yiuf
  3792 | D:3      | Reached XP level 6. HP: 41/49 MP: 6/6
  4048 | D:4      | Reached skill level 5 in Axes
  4365 | D:4      | Noticed Sigmund
  4409 | D:4      | Killed Sigmund
  4409 | D:4      | Reached skill level 5 in Fighting
  4409 | D:4      | Reached skill level 6 in Axes
  4409 | D:4      | Reached XP level 7. HP: 37/56 MP: 7/7
  4982 | D:4      | Found a shimmering blue altar of Sif Muna.
  5777 | D:6      | Reached skill level 7 in Axes
  5777 | D:6      | Reached XP level 8. HP: 64/64 MP: 8/8
  5860 | D:6      | Found a sand-covered staircase.
  6005 | Ossuary  | Entered an ossuary
  6132 | Ossuary  | Reached skill level 8 in Axes
  6728 | D:6      | Reached XP level 9. HP: 72/72 MP: 9/9
  7450 | D:7      | Reached skill level 9 in Axes
  7695 | D:7      | Found a blossoming altar of Fedhas.
  7699 | D:7      | Found a stormy altar of Qazlal.
  7943 | D:7      | Found a glowing silver altar of Zin.
  8202 | D:7      | Found Feipu's Antique Weapon Shop.
  8397 | D:7      | Found a staircase to the Ecumenical Temple.
  8409 | Temple   | Entered the Ecumenical Temple
  8422 | Temple   | Became a worshipper of Hepliaklqana the Forgotten
  8565 | D:8      | Reached skill level 1 in Invocations
  8740 | D:8      | Reached skill level 10 in Axes
  9055 | D:8      | Reached XP level 10. HP: 56/73 MP: 12/12
  9436 | D:8      | Found a shimmering altar of Xom.
  9437 | D:8      | Found the +7 mace of Variability {chain chaos}
  9445 | D:8      | Reached * piety under Hepliaklqana
 10128 | D:9      | Found a staircase to the Orcish Mines.
 10303 | D:9      | Noticed Maggie
 10317 | D:9      | Killed Maggie
 10317 | D:9      | Reached skill level 11 in Axes
 10788 | D:9      | Found Giwnaq's Armour Emporium.
 10797 | D:9      | Reached skill level 5 in Invocations
 11156 | D:9      | Reached ** piety under Hepliaklqana
 11158 | D:9      | Remembered your ancestor Kaya as a battlemage
 11171 | D:9      | Noticed a two-headed ogre
 11208 | D:8      | HP: 2/74 [ufetubus (3)]
 11731 | D:9      | Killed a two-headed ogre
 11731 | D:9      | Reached skill level 12 in Axes
 11731 | D:9      | Reached XP level 11. HP: 81/81 MP: 15/15
 11900 | Orc:1    | Entered Level 1 of the Orcish Mines
 11917 | D:9      | Reached skill level 10 in Fighting
 12085 | D:10     | Entered Level 10 of the Dungeon
 12085 | D:10     | Noticed Snorg
 12236 | D:10     | HP: 3/121 [Snorg (13)]
 12238 | D:10     | Slain by Snorg

Illustrated notes

Levels and vault maps discovered:
D:1:      minmay_arrival_diagonal_passages, layout_basic,
          chequers_serial_rivers_micro_c, minmay_tripent
D:2:      layout_basic, fiery_altar_vehumet, kennysheep_slug_shrine,
          uniq_terence
D:3:      layout_rooms, uniq_crazy_yiuf_cottage
D:4:      layout_basic, led_sif_book, minmay_increasing_density, uniq_sigmund
D:5:      layout_loops_ring
D:6:      layout_loops_ring, chequers_ossuary_entry_cave,
          kennysheep_generic_room_15
D:7:      layout_basic, grunt_temple_overflow_forces_of_nature, zin_statuary,
          minmay_temple_entry_poolview, serial_shops, shop_fountains
D:8:      layout_basic, minmay_guarded_unrand_variability
D:9:      layout_long_grid, david_orc_2, serial_shops, nicolae_shop_trees,
          uniq_maggie
D:10:     layout_basic, serial_shops, shop, elyvilon_altar_4, uniq_snorg
Temple:   eino_temple_scatter_basement
Orc:1:    layout_caves, basic_altar

Skill      XL: |  1  2  3  4  5  6  7  8  9 10 11 |
---------------+----------------------------------+-----
Axes           | 3 4 6 7 8 10 12 | 12.1
Fighting       | 4 5 6 7 8 9 10 | 10.0
Invocations    | 3 6 |  6.4
Dodging        | |  1.7
Stealth        | |  6.0

Action                   |  1- 3 |  4- 6 |  7- 9 | 10-12 || total
-------------------------+-------+-------+-------+-------++-------
Melee: Hand axe          |    53 |   304 |   108 |       ||   465
       War axe           |       |       |   323 |   196 ||   519
Invok: Ancestor Life: Ba |       |       |       |     1 ||     1
 Abil: Dig               |     2 |     1 |     1 |     2 ||     6
Evoke: Wand              |       |       |       |     5 ||     5
  Use: Scroll            |       |     6 |    12 |       ||    18
       Potion            |       |       |       |     9 ||     9
 Stab: Sleeping          |       |     9 |       |       ||     9
Armor: Leather armour    |    12 |    22 |       |       ||    34
       Ring mail         |       |    35 |       |       ||    35
       Chain mail        |       |    49 |   313 |   140 ||   502
       Skin              |       |       |       |    12 ||    12
Dodge: Dodged            |    28 |   145 |   149 |    93 ||   415

Table legend: (Time is in decaauts)
 A = Elapsed time spent in this place.
 B = Non-inter-level travel time spent in this place.
 C = Inter-level travel time spent in this place.
 D = Time resting spent in this place.
 E = Time spent auto-exploring this place.
 F = Levels seen in this place.
 G = Mean time per level.
                   A        B        C        D        E       F      G
               +--------+--------+--------+--------+--------+-----+--------+
         Total |  12293 |  11872 |    421 |    450 |   9356 |  13 |  945.6 |
       Dungeon |  11575 |  11162 |    413 |    450 |   8887 |  10 | 1157.5 |
        Temple |     22 |     14 |      8 |      0 |      8 |   1 |   22.0 |
  Orcish Mines |     10 |     10 |      0 |      0 |      0 |   1 |   10.0 |
       Ossuary |    685 |    685 |      0 |      0 |    461 |   1 |  685.0 |
               +--------+--------+--------+--------+--------+-----+--------+

Top non-repeatable levels by time:
     D:8: 1977 daAuts
     D:9: 1735 daAuts
     D:4: 1503 daAuts
     D:1: 1257 daAuts
     D:2: 1231 daAuts
     D:3: 1032 daAuts
     D:7: 1022 daAuts
     D:6: 1011 daAuts
     D:5: 786 daAuts
 Ossuary: 685 daAuts
  Temple: 22 daAuts
    D:10: 17 daAuts
   Orc:1: 10 daAuts
